 Dungeon Crawl Stone Soup version 0.14-a0-2721-g4592d88 (webtiles) character file.

120 WayneKest the Insei (level 3, -1/17 HPs)
             Began as a Vine Stalker Transmuter on Feb 18, 2014.
             Slain by an adder (2 damage)
             ... on Level 2 of the Dungeon.
             The game lasted 00:02:18 (1096 turns).

WayneKest the Insei (Vine Stalker Transmuter)       Turns: 1096, Time: 00:02:18

HP  -1/17        AC  2     Str 12      XL: 3   Next: 39%
MP   0/7         EV 12     Int 13      God:
Gold 83          SH  0     Dex 15      Spells:  1 memorised,  5 levels left

rFire  . . .     SeeInvis .       - Unarmed
rCold  . . .     Clarity  .     c - +0 robe
rNeg   . . .     Conserve .     (no shield)
rPois  .         rCorr    .     (helmet restricted)
rElec  .         rRot     +     (no cloak)
SustAb . .       Spirit   +     (no gloves)
rMut   .         Warding  .     (no boots)
Saprov . . .     Stasis   .     (no amulet)
MR     .....                    (no ring)
                                (no ring)

@: appendage (expiring), not resistant to hostile enchantments, unstealthy
A: fangs 2, horns 2, regeneration 1, magic shield, antimagic bite, no device
heal
a: End Transformation


You were on level 2 of the Dungeon.
You were hungry.
You had grown temporary horns.
You visited 1 branch of the dungeon, and saw 2 of its levels.

You collected 83 gold pieces.

Inventory:

Missiles
 b - 12 arrows
 p - 2 javelins (quivered)
Armour
 c - a +0 robe (worn)
Comestibles
 a - 3 bread rations
 f - 2 meat rations
 q - a lemon
Scrolls
 e - 3 scrolls of identify {unknown}
 i - 2 scrolls of magic mapping {unknown}
 j - a scroll of remove curse {unknown}
 l - a scroll of enchant weapon I {unknown}
 o - a scroll of curse weapon {unknown}
 r - a scroll of amnesia {unknown}
Potions
 g - 2 potions of curing {unknown}
 h - 3 potions of degeneration {unknown}
 k - a potion of might {unknown}
 m - a potion of speed {unknown}
 n - 2 potions of confusion {unknown}
Books
 d - a book of Changes

   Spells                             Type                      Level
   *Beastly Appendage                 Transmutation                1
   Sticks to Snakes                   Transmutation                2
   Spider Form                        Transmutation/Poison         3
   Ice Form                           Ice/Transmutation            4
   Blade Hands                        Transmutation                5


   Skills:
 - Level 0.8 Fighting
 - Level 1.5 Dodging
 + Level 4.3 Unarmed Combat
 - Level 2.1 Spellcasting
 - Level 2.0 Transmutations


You had 5 spell levels left.
You knew the following spells:

 Your Spells              Type           Power        Failure   Level  Hunger
a - Beastly Appendage     Trmt           #.....       12%         1    ##.....


Dungeon Overview and Level Annotations

Branches:
Dungeon (2/16)

Altars:
The Shining One


Innate Abilities, Weirdness & Mutations

You have extremely sharp teeth.
Your natural rate of healing is unusually fast.
When hurt, damage is shared between your health and your magic reserves.
Your bite disrupts and absorbs the magic of your enemies.
Potions and wands cannot restore your HP.
You have a pair of horns on your head.


Message History

The adder is almost dead.
The adder misses you.
You closely miss the adder.
The adder is almost dead.
The adder bites you but does no damage.
You barely miss the adder. Your headbutt misses the adder.
The adder is almost dead.
Your transformation is almost over.
The adder barely misses you.
You barely miss the adder.
The adder is almost dead.
The adder barely misses you. The adder completely misses you.
You hit the adder. Your headbutt misses the adder. Your bite misses the adder.
The adder is almost dead.
The adder bites you.
* * * LOW HITPOINT WARNING * * *
You miss the adder. Your bite misses the adder.
The adder is almost dead.
The adder bites you.
You die...

#..#...#...#...#...#.........##
#...........%..............####
####################.......####
#....>.............##..........
#.......)((........##..........
#...###............##..........
#>...................#+#.
####.#####S############+#+#.
#.......##.@.....####.......
#...........#......##......#
#...........+......##......#
####..........#......####.....
#.............#...............
#.........####.......#........
#.........####......##........
##............#.......#....#.#+
#.............#.......+....#.#.


You could see an adder.

Vanquished Creatures
  An adder (D:2)
  A giant mite (D:1)
  A giant cockroach (D:2)
  3 goblins
  3 hobgoblins
  6 jackals (D:2)
  A kobold (D:2)
  A bat (D:1)
  6 rats
23 creatures vanquished.

Notes
Turn   | Place    | Note
--------------------------------------------------------------
     0 | D:1      | WayneKest, the Vine Stalker Transmuter, began the quest for the Orb.
     0 | D:1      | Reached XP level 1. HP: 9/9 MP: 3/3
   274 | D:1      | Reached XP level 2. HP: 6/14 MP: 3/5
   602 | D:2      | Found a glowing golden altar of the Shining One.
   681 | D:2      | Reached skill level 4 in Unarmed Combat
   713 | D:2      | Reached XP level 3. HP: 15/17 MP: 7/7
  1096 | D:2      | Slain by an adder

Action                   || total
-------------------------++-------
Melee: Unarmed           ||    76
 Cast: Beastly Appendage ||     2
 Stab: Sleeping          ||     1
